 Dungeon Crawl Stone Soup version 0.31-a0-1616-gbeaec30b81 (webtiles) character file.

Game seed: 17982500552301055660

91 MisterAzrael the Changeling (level 4, -3/33 HPs)
             Began as a Demonspawn Shapeshifter on Jan 10, 2024.
             Slain by an orc
             ... wielding a +0 heavy mace
              (14 damage)
             ... on level 2 of the Dungeon.
             The game lasted 00:01:53 (1488 turns).

MisterAzrael the Changeling (DsSh)                  Turns: 1488, Time: 00:01:54

Health: -3/33      AC:  4    Str: 17    XL:     4   Next: 33%
Magic:  4/4        EV: 12    Int: 10    God:
Gold:   79         SH:  5    Dex: 12    Spells: 3/3 levels left

rFire   . .          .
                       - Unarmed
rCold   . . .        (no shield)
rNeg    . . .        a - +0 animal skin
rPois   .            (helmet currently unavailable)
rElec   .            (cloak currently unavailable)
rCorr   .            (gloves currently unavailable)
SInv    .            (boots currently unavailable)
Will    .....        e - amulet of reflection
Stlth   +            g - ring of flight
HPRegen 0.25/turn    (no ring)
MPRegen 0.09/turn

%: reflection
@: beast-form, flying
A: beast (slay +2), claws 1, icy blue scales 1
a: Begin Untransformation


You were on level 2 of the Dungeon.
You were a hulking beast.
You visited 1 branch of the dungeon, and saw 3 of its levels.

You collected 79 gold pieces.

Inventory:

Hand Weapons
 l - the +2 sling of the Evening {flame, rC+ Int+2}
   (You found it on level 2 of the Dungeon)

   Int+2:     It affects your intelligence (+2).
   rC+:       It protects you from cold.
Armour
 a - a +0 animal skin (worn)
Jewellery
 e - an amulet of reflection (around neck)
 g - a ring of flight (left claw)
Talismans
 c - a beast talisman
 d - a flux talisman
Scrolls
 i - 6 scrolls of blinking {unknown}
 j - a scroll of immolation {unknown}
 k - 2 scrolls of identify {unknown}
 m - a scroll of butterflies {unknown}
Potions
 b - a potion of lignification
 f - a potion of heal wounds {unknown}
 h - a potion of curing {unknown}
 n - a potion of mutation {unknown}
 o - a potion of magic {unknown}


   Skills:
 + Level 2.2 Fighting
 - Level 1.7 Dodging
 + Level 3.3 Unarmed Combat
 * Level 3.6 Shapeshifting


You had 3 spell levels left.
You didn't know any spells.
Your spell library contained the following spells:

 Spells                   Type           Power      Damage    Failure   Level
 Summon Small Mammal      Summ           0%         N/A       36%         1
 Call Canine Familiar     Summ           0%         N/A       75%         3
 Summon Blazeheart Golem  Fire/Summ      0%         N/A       98%         4


Dungeon Overview and Level Annotations

Branches:
Dungeon (3/15)

Altars:


Innate Abilities, Weirdness & Mutations

You are a hulking beast.
Your limbs bulge with bestial killing power. (Slay +2)
You have sharp fingernails.
You are partially covered in icy blue scales. (AC +2)


Message History

The orc wizard is lightly wounded.
The orc misses you. The orc wizard closely misses you.
You scratch the orc wizard.
The orc wizard is moderately wounded.
The orc hits you with a +0 heavy mace. The orc barely misses you.
The orc wizard closely misses you.
You scratch the orc wizard.
The orc wizard is heavily wounded.
The orc closely misses you. x2
You barely miss the orc wizard.
The orc wizard is heavily wounded.
The orc wizard casts a spell at you. The magic dart hits you!
* * * LOW HITPOINT WARNING * * *
The orc hits you with a +2 falchion of electrocution.
* * * LOW HITPOINT WARNING * * *
The adder attacks as it pursues you! The adder barely misses you.
The adder misses you. The orc attacks as it pursues you!
The orc barely misses you. You block the adder's attack.
The orc wizard gestures wildly while chanting.
The orc wizard flickers and vanishes!
Deactivating autopickup; reactivate with Ctrl-A.
The adder attacks as it pursues you! The adder closely misses you.
The orc attacks as it pursues you! The orc barely misses you.
There is a stone staircase leading up here.
The adder bites you but does no damage. x2
You fly upwards.
Reactivating autopickup.
There is a stone staircase leading down here.
You are too injured to fight recklessly!
You are too injured to fight recklessly!
You are too injured to fight recklessly!
You claw the adder!
The adder is severely wounded.
The orc barely misses you. The adder misses you.
You closely miss the adder.
The adder is severely wounded.
The adder barely misses you. The orc hits you with a +0 heavy mace!
You die...

.................#
#<#
######.#########.#
#.# # #># #.#
########.# # #.# #.#
#........# # #.# #.#
#.######## # ##.#
#.# #.# # #..# #.#
#.# # #.## #S# #.#
#.# #h# #.# #.# ##o#
#.# #.# #..# #.#
#.#### ##.## #.#
#....#####..######.#
#.........#........#
#....#####.#########
#.#.## #.# #####.#.#
#.#


You could see an adder and an orc.

Vanquished Creatures
  5 adders (D:2)
  2 endoplasms (D:2)
  2 giant cockroaches
  8 goblins
  2 hobgoblins
  2 quokkas
  6 ball pythons
  5 bats
  5 frilled lizards
  5 kobolds
  4 rats (D:1)
46 creatures vanquished.

Notes
Turn   | Place    | Note
-------+----------+-------------------------------------------
     0 | D:1      | MisterAzrael the Demonspawn Shapeshifter began the quest
                  | for the Orb.
     0 | D:1      | Reached XP level 1. HP: 15/15 MP: 1/1
   180 | D:1      | Gained mutation: You are partially covered in icy blue
                  | scales. (AC +2) [demonic ancestry]
   180 | D:1      | Reached XP level 2. HP: 21/21 MP: 2/2
   690 | D:2      | Reached XP level 3. HP: 27/27 MP: 3/3
   809 | D:2      | Identified the +2 sling of the Evening {flame, rC+ Int+2}
  1106 | D:2      | Gained mutation: You have sharp fingernails. [demonic
                  | ancestry]
  1106 | D:2      | Reached XP level 4. HP: 29/33 MP: 4/4
  1488 | D:2      | Slain by an orc

Illustrated notes

Levels and vault maps discovered:
D:1:      matt_arrival_grand_opening, layout_rooms
D:2:      layout_loops_ring, kennysheep_generic_room_12
D:3:      kennysheep_the_goblin_king, layout_basic,
          mainiacjoe_overflow_small_starburst

Skill      XL: |  1  2  3 |
---------------+----------+-----
Unarmed Combat | 3 |  3.3
Shapeshifting  | 3 |  3.6
Fighting       | 2 |  2.2
Dodging        | |  1.7

Action                     |  1- 3 |  4- 6 || total
---------------------------+-------+-------++-------
  Melee: Unarmed           |   123 |    17 ||   140
         Punch             |     1 |     1 ||     2
   Stab: Sleeping          |     1 |       ||     1
 Armour: Animal skin       |    51 |    12 ||    63
  Dodge: Dodged            |    76 |    21 ||    97
  Block: Other             |    37 |     3 ||    40

Table legend: (Time is in decaauts)
 A = Elapsed time spent in this place.
 B = Non-inter-level travel time spent in this place.
 C = Inter-level travel time spent in this place.
 D = Time resting spent in this place.
 E = Time spent auto-exploring this place.
 F = Levels seen in this place.
 G = Mean time per level.
                   A        B        C        D        E       F      G
               +--------+--------+--------+--------+--------+-----+--------+
         Total |   1480 |   1413 |     67 |    174 |    908 |   3 |  493.3 |
       Dungeon |   1480 |   1413 |     67 |    174 |    908 |   3 |  493.3 |
               +--------+--------+--------+--------+--------+-----+--------+

Top non-repeatable levels by time:
     D:2: 801 daAuts
     D:1: 659 daAuts
     D:3: 19 daAuts
